 Dungeon Crawl Stone Soup version 0.30-a0-142-g7370640ec8 (webtiles) character file.

Game seed: 238253446809573874

109 qw the Chopper (level 4, 0/28 HPs)
             Began as a Gargoyle Fighter on Sept 25, 2022.
             Slain by Sigmund
             ... wielding a +0 scythe
              (1 damage)
             ... on level 2 of the Dungeon.
             The game lasted 00:00:53 (1259 turns).

qw the Chopper (Gargoyle Fighter)                   Turns: 1259, Time: 00:00:54

Health: 0/28       AC: 13    Str: 21    XL:     4   Next: 89%
Magic:  4/4        EV: 13    Int:  9    God:
Gold:   97         SH:  4    Dex:  9    Spells: 3/3 levels left

rFire   . . .      SeeInvis .    Y - +0 war axe
rCold   . . .      Faith    .    c - +0 buckler
rNeg    + . .      Spirit   .    b - +0 scale mail
rPois   inf        Reflect  .    (no helmet)
rElec   +          Harm     .    (no cloak)
rCorr   +          Rampage  .    j - +2 pair of gloves
Will    .....                    (no boots)
Stlth   ..........               (no amulet)
HPRegen 0.09/turn                e - +4 ring of evasion
MPRegen 0.09/turn                h - ring of resist corrosion

@: no status effects
A: sickness immunity, AC +3, negative energy resistance 1, electricity
resistance, torment resistance 1, petrification resistance
a: no special abilities


You were on level 2 of the Dungeon.
You visited 1 branch of the dungeon, and saw 2 of its levels.

You collected 97 gold pieces.


Innate Abilities, Weirdness & Mutations

You are immune to sickness and miasma.
Your stone body is resilient. (AC +3)
You are immune to poison.
You resist negative energy. (rN+)
You are resistant to electric shocks. (rElec)
You are resistant to unholy torment.
You are immune to petrification.


   Skills:
 - Level 3.2 Fighting
 + Level 4.4 Axes
 - Level 3.2 Armour
 - Level 3.2 Shields


You had 3 spell levels left.
You didn't know any spells.
Your spell library was empty.

Inventory:

Hand Weapons
 g - a +0 whip
 Y - a +0 war axe (weapon)
Armour
 b - a +0 scale mail (worn)
 c - a +0 buckler (worn)
 j - a +2 pair of gloves (worn)
Jewellery
 e - a +4 ring of evasion (left hand)
 f - a ring of protection from cold
 h - a ring of resist corrosion (right hand)
Scrolls
 a - 3 scrolls of identify
Potions
 d - a potion of might

Dungeon Overview and Level Annotations

Branches:
Dungeon (2/15)

Altars:

Shops:
D:2 (

Annotations:
D:2 Sigmund


Message History

Terence is heavily wounded.
Sigmund barely misses you. Terence closely misses you.
You completely miss Terence.
Terence is heavily wounded.
Sigmund gestures at you while chanting. You resist with some effort.
Terence hits you with a +0 flail.
You closely miss Terence.
Terence is heavily wounded.
Sigmund says, "You will soon forget everything."
Sigmund hits you but does no damage. Terence hits you with a +0 flail.
Terence hits you with a +0 flail!
You hit Terence but do no damage.
Terence is heavily wounded.
Sigmund barely misses you. Terence completely misses you.
You slash Terence!
You kill Terence!
Sigmund says, "Don't worry, I'll kill you fast."
Sigmund casts a spell.
Sigmund flickers and vanishes!
Deactivating autopickup; reactivate with Ctrl-A.
Something hits you.
You miss something. Something hits you.
You barely miss something. Something hits you but does no damage.
You miss something.
You hear some strange, mumbled words.
Something tries to affect you, but you resist.
You barely miss something. Something hits you but does no damage.
You miss something. Something hits you.
You slash something! Something hits you.
You slash something! Something hits you but does no damage.
You closely miss something. You miss something. Something hits you.
You die...

##########
.........############
.........'..........#
......{@.########.###
........)##.# #.# ####
.........##.#####.#
...#
.........##.......#
...#
.........##.#######
...# .........##.#
...######+##########.#
..........# #.#
(........># #.#


There were no monsters in sight!

Vanquished Creatures
  Terence (D:2)
  Jessica (D:2)
  A worm (D:2)
  A dart slug (D:1)
  5 bats
  4 endoplasms (D:1)
  4 giant cockroaches (D:1)
  6 goblins
  7 hobgoblins (D:1)
  A quokka (D:1)
  4 ball pythons (D:1)
  2 frilled lizards (D:1)
  6 kobolds (D:1)
  6 rats
49 creatures vanquished.

Notes
Turn   | Place    | Note
-------+----------+-------------------------------------------
     0 | D:1      | qw the Gargoyle Fighter began the quest for the Orb.
     0 | D:1      | Reached XP level 1. HP: 14/14 MP: 1/1
     0 | D:1      | 0 ||| qw: Version: 0.2-a-10-g399e6c4
     0 | D:1      | 0 ||| qw: Game counter: 407
     0 | D:1      | 0 ||| qw: Always use a shield: true
     0 | D:1      | 0 ||| qw: God list: Okawaru
     0 | D:1      | 0 ||| qw: Allow faded altars: false
     0 | D:1      | 0 ||| qw: Do Orc after D:15 true
     0 | D:1      | 0 ||| qw: Do second Lair branch before Depths: true
     0 | D:1      | 0 ||| qw: Lair rune preference: random
     0 | D:1      | 0 ||| qw: Plans: Normal, Zot:1-4, God:TSO, Crypt, Tomb,
                  | Pan, Slime:5, Hells, Abyss, Orb
     0 | D:1      | 0 ||| PLANNING D:1-11
     1 | D:1      | Noticed an electric eel
    20 | D:1      | 20 ||| UPGRADING to +4 ring of evasion.
    21 | D:1      | 21 ||| READING scroll labelled QEURI BUTACU.
    22 | D:1      | 22 ||| Stepping randomly (stuck).
    23 | D:1      | 23 ||| Stepping randomly (stuck).
    24 | D:1      | 24 ||| Stepping randomly (stuck).
    25 | D:1      | 25 ||| Stepping randomly (stuck).
    26 | D:1      | 26 ||| Stepping randomly (stuck).
    36 | D:1      | Reached skill level 2 in Axes
    36 | D:1      | 36 ||| Stepping randomly (stuck).
    37 | D:1      | 37 ||| Stepping randomly (stuck).
    38 | D:1      | 38 ||| Stepping randomly (stuck).
    39 | D:1      | 39 ||| Stepping randomly (stuck).
    40 | D:1      | 40 ||| Stepping randomly (stuck).
    41 | D:1      | 41 ||| Stepping randomly (stuck).
    42 | D:1      | 42 ||| Stepping randomly (stuck).
    43 | D:1      | 43 ||| Stepping randomly (stuck).
    44 | D:1      | 44 ||| Stepping randomly (stuck).
    45 | D:1      | 45 ||| Stepping randomly (stuck).
    46 | D:1      | 46 ||| Stepping randomly (stuck).
    47 | D:1      | 47 ||| Stepping randomly (stuck).
    48 | D:1      | 48 ||| Stepping randomly (stuck).
    49 | D:1      | 49 ||| Stepping randomly (stuck).
    50 | D:1      | 50 ||| Stepping randomly (stuck).
    51 | D:1      | 51 ||| Stepping randomly (stuck).
    52 | D:1      | 52 ||| Stepping randomly (stuck).
    69 | D:1      | 69 ||| Stepping ~*~*~tactically~*~*~ (stealth).
   114 | D:1      | Reached XP level 2. HP: 19/19 MP: 2/2
   135 | D:1      | 135 ||| DROPPING +0 club.
   139 | D:1      | 139 ||| Stepping ~*~*~tactically~*~*~ (stealth).
   180 | D:1      | 180 ||| Stepping ~*~*~tactically~*~*~ (stealth).
   185 | D:1      | 185 ||| Stepping ~*~*~tactically~*~*~ (stealth).
   194 | D:1      | 194 ||| Stepping ~*~*~tactically~*~*~ (hiding).
   196 | D:1      | 196 ||| Stepping ~*~*~tactically~*~*~ (hiding).
   199 | D:1      | 199 ||| Stepping ~*~*~tactically~*~*~ (stealth).
   201 | D:1      | 201 ||| Stepping ~*~*~tactically~*~*~ (stealth).
   202 | D:1      | 202 ||| Stepping ~*~*~tactically~*~*~ (stealth).
   205 | D:1      | Reached skill level 3 in Axes
   207 | D:1      | Reached XP level 3. HP: 17/23 MP: 3/3
   217 | D:1      | 217 ||| Stepping ~*~*~tactically~*~*~ (stealth).
   228 | D:1      | 228 ||| Stepping ~*~*~tactically~*~*~ (stealth).
   255 | D:1      | 255 ||| Stepping ~*~*~tactically~*~*~ (stealth).
   269 | D:1      | 269 ||| Stepping ~*~*~tactically~*~*~ (stealth).
   270 | D:1      | 270 ||| Stepping ~*~*~tactically~*~*~ (stealth).
   739 | D:1      | 739 ||| UPGRADING to +2 pair of gloves.
   744 | D:1      | 744 ||| UPGRADING to ring of resist corrosion.
   745 | D:1      | 745 ||| READING 4 scrolls labelled ETAPEDUGHE.
   746 | D:1      | 746 ||| READING 3 scrolls of identify.
   746 | D:1      | 746 ||| IDENTIFYING golden potion
   747 | D:1      | 747 ||| READING 2 scrolls of identify.
   747 | D:1      | 747 ||| IDENTIFYING murky orange potion
   748 | D:1      | 748 ||| DROPPING potion of invisibility.
   749 | D:1      | 749 ||| DROPPING potion of magic.
   780 | D:2      | Identified the +10 trident of Annihilation {drain, Stlth+}
   963 | D:2      | Noticed Jessica
   966 | D:2      | Killed Jessica
   967 | D:2      | Reached skill level 4 in Axes
   967 | D:2      | Reached XP level 4. HP: 28/28 MP: 4/4
  1193 | D:2      | Found Bitam's Weapon Emporium.
  1201 | D:2      | 1201 ||| SHOPLISTING +1 war axe of flaming (146 gold, have
                  | 97).
  1201 | D:2      | 1201 ||| SHOPLISTING +10 whip "Oxiusair" {freeze, rF- rC+
                  | Int+7 Dex-2} (792 gold, have 97).
  1237 | D:2      | Noticed Terence
  1239 | D:2      | Noticed Sigmund
  1249 | D:2      | Killed Terence
  1255 | D:2      | HP: 6/28 [something (2)]
  1256 | D:2      | HP: 1/28 [something (6)]
  1259 | D:2      | Slain by Sigmund

Levels and vault maps discovered:
D:1:      arrival_aquarium_a, layout_rooms, minmay_misc_feat_four_crosses,
          minmay_three_crescents
D:2:      layout_basic, serial_shops, nicolae_shop_statue_plus, uniq_jessica,
          uniq_sigmund, uniq_terence

Skill      XL: |  1  2  3 |
---------------+----------+-----
Axes           | 2 3 4 |  4.4
Fighting       | |  3.2
Armour         | |  3.2
Shields        | |  3.2

Action                   |  1- 3 |  4- 6 || total
-------------------------+-------+-------++-------
Melee: War axe           |   112 |    22 ||   134
  Use: Scroll            |     4 |       ||     4
Armor: Scale mail        |    27 |     6 ||    33
Dodge: Dodged            |    69 |     9 ||    78
Block: Buckler           |    16 |     2 ||    18

Table legend:
 A = Non-vault XP
 B = Vault XP
 C = Vault XP percentage of total XP
 D = Non-vault monster count
 E = Vault monster count
 F = Vault count percentage of total count
                 A         B        C        D         E       F
            +---------+---------+-------+---------+---------+-------
      Total |      70 |      86 |  55.1 |      41 |       8 |  16.3
            +---------+---------+-------+---------+---------+-------
        D:1 |      57 |      11 |  16.2 |      34 |       6 |  15.0
        D:2 |      13 |      75 |  85.2 |       7 |       2 |  22.2
            +---------+---------+-------+---------+---------+-------
